 Dungeon Crawl Stone Soup version 0.29-a0-1033-gb6c65ffae6 (webtiles) character file.

Game seed: 6828433442508554836

137 Sweeb the Trooper (level 5, -1/41 HPs)
             Began as a Demonspawn Monk on Aug 15, 2022.
             Slain by an orc
             ... wielding a +0 flail
              (9 damage)
             ... on level 2 of the Dungeon.
             The game lasted 00:03:46 (3285 turns).

Sweeb the Trooper (Demonspawn Monk)                 Turns: 3285, Time: 00:03:47

Health: -1/41      AC:  5    Str: 11    XL:     5   Next: 0%
Magic:  7/7        EV: 13    Int: 12    God:
Gold:   73         SH:  0    Dex: 17    Spells: 7/7 levels left

rFire   . . .      SeeInvis .   a - +1 mace
rCold   . . .      Faith    .   (no shield)
rNeg    + . .      Spirit   .   b - +0 robe
rPois   .          Reflect  .   (no helmet)
rElec   .          Harm     .   g - +1 cloak
rCorr   .          Rampage  .   (no gloves)
Will    .....                   j - +0 pair of boots
Stlth   +.........              (no amulet)
HPRegen 0.13/turn               e - ring of positive energy
MPRegen 0.10/turn               (no ring)

@: confused, ambrosia-drunk
A: claws 2, condensation shield
a: no special abilities


You were on level 2 of the Dungeon.
You visited 1 branch of the dungeon, and saw 3 of its levels.

You collected 73 gold pieces.

Inventory:

Hand Weapons
 a - a +1 mace (weapon)
Armour
 b - a +0 robe (worn)
 g - a +1 cloak (worn)
 j - a +0 pair of boots (worn)
Jewellery
 e - a ring of positive energy (left claw)
Scrolls
 f - 3 scrolls of amnesia
 h - 2 scrolls of immolation
 i - a scroll of enchant armour
Potions
 c - a potion of ambrosia
 d - a potion of might


   Skills:
 + Level 3.6 Fighting
 - Level 2.9 Maces & Flails
 - Level 2.6 Dodging
 + Level 2.7 Stealth
 * Level 2.2 Unarmed Combat
 + Level 1.6 Spellcasting


You had 7 spell levels left.
You didn't know any spells.
Your spell library contained the following spells:

 Spells                   Type           Power      Damage    Failure   Level
 Summon Small Mammal      Summ           0%         N/A       28%         1
 Poisonous Vapours        Pois/Air       0%         N/A       41%         2
 Call Canine Familiar     Summ           0%         N/A       65%         3
 Summon Guardian Golem    Hex/Summ       0%         N/A       65%         3
 Corpse Rot               Necr/Pois/Air  0%         N/A       96%         4


Dungeon Overview and Level Annotations

Branches:
Dungeon (3/15)

Altars:

Shops:
D:2 :


Innate Abilities, Weirdness & Mutations

You have very sharp fingernails.
A meltable shield of frost defends you. (SH +4)


Message History

An orc comes into view. It is wielding a +0 flail.
The orc shouts!
The orc priest begins to cast a cantrip, but forgets the words! 2 orc priests and an orc come into view.
The orc priest shouts!
The orc priest hits you with a +0 falchion.
The orc priest shouts!
The orc shouts!
You hit the orc priest.
The orc priest is almost dead.
The orc priest closely misses you.
You hit the orc priest.
You kill the orc priest!
The orc hits you but does no damage.
Okay, then.
The orc closely misses you.
The orc priest looks satisfied for a moment.
The orc attacks as you move away! The orc completely misses you.
Found 13 gold pieces.
The orc attacks as you move away! The orc barely misses you.
The orc attacks as you move away! The orc hits you with a +0 flail!
The orc priest begins to cast a cantrip, but forgets the words!
There is a stone staircase leading up here.
The orc hits you with a +0 flail. The orc hits you with a +0 flail!
You climb upwards.
There is a stone staircase leading down here.
The orc closely misses you. The orc attacks as you move away!
The orc hits you with a +0 flail.
* * * LOW HITPOINT WARNING * * *
You hit the orc.
The orc is moderately wounded.
The orc hits you with a +0 flail.
* * * LOW HITPOINT WARNING * * *
You sock the orc!
You kill the orc!
You have reached level 5!
Your demonic ancestry asserts itself...
Frost condenses into a shield before you.
You are confused.
You feel invigorated. The orc hits you with a +0 flail!
You die...

### ###### ###### #.#### #....#
#....# #....# #.##.# #.#..#
#.##.# #.##.#############.#.##
#.##.# #..#.............#.....
####'##.# ##.#.....#######.###.##
......#.####.#.###.# ### ### ###
......'.....>..o@..###8###⌠###8##
.....>#.####.#.###.##...........#
......#........###.#8...........8
......######.......##...........#
......# #.#.....##...##8##...#
.....)# #.#.######...#####...#
......## #.#.# #8...8# #8..)8
####...# #.#.# ###...#####...#
##...## #.#.# #.............#


You could see an orc.

Vanquished Creatures
  A hound (D:3)
  An orc priest (D:3)
  2 adders (D:2)
  A worm (D:2)
  A dart slug (D:2)
  3 orcs
  2 endoplasms
  3 giant cockroaches
  5 goblins
  5 hobgoblins
  10 jackals
  2 kobolds (D:2)
  2 quokkas (D:3)
  5 ball pythons
  A bat (D:1)
  A frilled lizard (D:2)
  2 rats (D:1)
47 creatures vanquished.

Vanquished Creatures (others)
  A hobgoblin (D:3)
  A fungus (D:3)
  4 plants (D:3)
6 creatures vanquished.

Grand Total: 53 creatures vanquished

Notes
Turn   | Place    | Note
-------+----------+-------------------------------------------
     0 | D:1      | Sweeb the Demonspawn Monk began the quest for the Orb.
     0 | D:1      | Reached XP level 1. HP: 18/18 MP: 1/1
   149 | D:1      | Gained mutation: You have sharp fingernails. [demonic
                  | ancestry]
   149 | D:1      | Reached XP level 2. HP: 10/24 MP: 2/2
  1599 | D:2      | Reached skill level 1 in Unarmed Combat
  1599 | D:2      | Reached skill level 1 in Spellcasting
  1599 | D:2      | Reached XP level 3. HP: 20/29 MP: 4/4
  1787 | D:2      | HP: 1/29 [worm (2)]
  2393 | D:2      | Found Muskiyp's Book Emporium.
  2752 | D:3      | Gained mutation: You have very sharp fingernails. [demonic
                  | ancestry]
  2752 | D:3      | Reached XP level 4. HP: 12/35 MP: 4/6
  3258 | D:3      | Found a faded altar of an unknown god.
  3285 | D:2      | Gained mutation: A meltable shield of frost defends you.
                  | (SH +4) [demonic ancestry]
  3285 | D:2      | Reached XP level 5. HP: 5/41 MP: 7/7
  3285 | D:2      | Slain by an orc

Illustrated notes

Levels and vault maps discovered:
D:1:      sevenhm_arrival_forest_fort_small_5, layout_basic, minivault_27
D:2:      layout_basic, serial_shops, nicolae_lakefront_shop,
          serial_corexii_hall, corexii_hall_statues_u, chequers_hall_statues_y,
          chequers_hall_statues_wall_a, minmay_tetromino_s2
D:3:      layout_rooms, serial_corexii_hall, chequers_hall_statues_wall_a,
          corexii_hall_statues_i, shapermc_ecumenical_altar_acropolis

Skill      XL: |  1  2  3  4 |
---------------+-------------+-----
Stealth        | 2 |  2.7
Unarmed Combat | 1 2 |  2.2
Spellcasting   | 1 |  1.6
Fighting       | |  3.6
Maces & Flails | |  2.9
Dodging        | |  2.6

Action                   |  1- 3 |  4- 6 || total
-------------------------+-------+-------++-------
Melee: Mace              |   125 |    23 ||   148
       Punch             |     1 |     1 ||     2
Evoke: Wand              |       |     3 ||     3
  Use: Scroll            |    10 |       ||    10
       Potion            |     3 |     1 ||     4
 Stab: Sleeping          |     6 |       ||     6
Armor: Robe              |    22 |     4 ||    26
Dodge: Dodged            |    98 |    18 ||   116

Table legend: (Time is in decaauts)
 A = Elapsed time spent in this place.
 B = Non-inter-level travel time spent in this place.
 C = Inter-level travel time spent in this place.
 D = Time resting spent in this place.
 E = Time spent auto-exploring this place.
 F = Levels seen in this place.
 G = Mean time per level.
                   A        B        C        D        E       F      G
               +--------+--------+--------+--------+--------+-----+--------+
         Total |   3322 |   3205 |    117 |   1300 |   1483 |   3 | 1107.3 |
       Dungeon |   3322 |   3205 |    117 |   1300 |   1483 |   3 | 1107.3 |
               +--------+--------+--------+--------+--------+-----+--------+

Top non-repeatable levels by time:
     D:2: 1758 daAuts
     D:1: 999 daAuts
     D:3: 564 daAuts
